AoeStats
← 13645570128

Arena

509675353Analyzed
1v1 RM · 5d ago on Sep 27, 2026· 32m 9s· 2 players
Game mode
Random Map
Map size
Tiny (2 player)
Population
200
Speed
Normal
Resources
Standard
Victory
Conquest
Starting age
Dark Age
Ending age
Imperial Age
RankedLock teamsTeams togetherTeam positionsShared explorationLock speedFull tech treeHidden civsTurbo modeCheats
Victory
Defeat
🇹🇼 Spanish · Taiwan
612
+17
🇭🇰 Mongols · Hong Kong SAR China
644
-32
hyoga
9:42 Loom
13:28 Feudal Age
14:44 Double-Bit Axe
18:24 Castle Age
16:27 Stone Mining
25:10 Bow Saw
25:47 Horse Collar
26:40 Ballistics
26:34 Gold Mining
28:30 Stone Shaft Mining
28:02 Murder Holes
29:49 Wheelbarrow
29:02 Town Watch
30:03 Fletching
31:43 Masonry
32:05 Heavy Plow
32:15 Bodkin Arrow
13645570128
8:42 Feudal Age
9:47 Double-Bit Axe
13:40 Wheelbarrow
13:24 Gold Mining
14:01 Horse Collar
19:03 Castle Age
19:32 Loom
20:04 Hand Cart
22:05 Bow Saw
23:10 Heavy Plow
23:55 Stone Mining
25:03 Gold Shaft Mining
25:23 Fletching
26:14 Stone Shaft Mining
33:38 Imperial Age
Connection lost

Rejoining the realm…

Still unreachable

The connection could not be restored.

Session expired

The server has moved on; the page needs a fresh start.